PL
AUSTIN RANGERS @ WIZARDING EXPRESS
08/09/2029
 
TOP OF THE 1ST
Austin Rangers batting - Pitching for Wizarding Express : RHP Ralph McKinney
Pitching: RHP Ralph McKinney
Batting: RHB Miguel Morán 0-0: Ball
1-0: Ball
2-0: Ball
3-0: Called Strike
3-1: Called Strike
3-2: Strikes out looking
Batting: SHB Ricardo Pérez 0-0: Foul Ball, location: 2F
0-1: Ground out 6-3 (Groundball, 6)
Batting: LHB Count Dante 0-0: Ground out 3-1 (Groundball, 34S)
Top of the 1st over - 0 runs, 0 hits, 0 errors, 0 left on base; Austin 0 - Wizarding 0
BOTTOM OF THE 1ST
Wizarding Express batting - Pitching for Austin Rangers : RHP Kyle Boddy
Pitching: RHP Kyle Boddy
Batting: LHB José Corona 0-0: Foul Ball, location: 2F
0-1: Ball
1-1: Foul Ball, location: 2F
1-2: Ground out 4-3 (Groundball, 4)
Batting: SHB Salvador Trevino 0-0: Ball
1-0: Ball
2-0: Ball
3-0: Foul Ball, location: 2F
3-1: Called Strike
3-2: Base on Balls
Batting: RHB António Martínez 0-0: Called Strike
0-1: Swinging Strike
0-2: Strikes out swinging
Batting: LHB Nathan Tanner 0-0: Ball
1-0: Ball
2-0: Ball
3-0: Base on Balls
Salvador Trevino to second
Batting: SHB Fernando Sánchez 0-0: Fly out, F1 (Line Drive, 15S)
Bottom of the 1st over - 0 runs, 0 hits, 0 errors, 2 left on base; Austin 0 - Wizarding 0
TOP OF THE 2ND
Austin Rangers batting - Pitching for Wizarding Express : RHP Ralph McKinney
Batting: LHB Jesús Reyes 0-0: Called Strike
0-1: Ball
1-1: Ball
2-1: Foul Ball, location: 2F
2-2: Ball
3-2: Ground out 6-3 (Groundball, P)
Batting: RHB Yoshihito Samurakami 0-0: Foul Ball, location: 2F
0-1: Swinging Strike
0-2: Strikes out swinging
Batting: SHB Xavier Vásquez 0-0: Swinging Strike
0-1: Ground out 4-3 (Groundball, 4)
Top of the 2nd over - 0 runs, 0 hits, 0 errors, 0 left on base; Austin 0 - Wizarding 0
BOTTOM OF THE 2ND
Wizarding Express batting - Pitching for Austin Rangers : RHP Kyle Boddy
Batting: LHB António Boccanegra 0-0: Ball
1-0: Foul Ball, location: 2F
1-1: Swinging Strike
1-2: Strikes out looking
Batting: RHB Ralph Cranford 0-0: Fly out, F8 (Flyball, 8LD)
Batting: LHB David Breitling 0-0: Ball
1-0: Foul Ball, location: 2F
1-1: Called Strike
1-2: Strikes out swinging, 2-3 out at first.
Bottom of the 2nd over - 0 runs, 0 hits, 0 errors, 0 left on base; Austin 0 - Wizarding 0
TOP OF THE 3RD
Austin Rangers batting - Pitching for Wizarding Express : RHP Ralph McKinney
Batting: LHB Stefan Vanderhoof 0-0: Fly out, F8 (Line Drive, 8LS)
Batting: RHB Jesús Villalba 0-0: Ball
1-0: Ball
2-0: Foul Ball, location: 2F
2-1: Ball
3-1: SOLO HOME RUN (Flyball, 9D), Distance : 339 ft
Batting: RHB Freddy Torres 0-0: Called Strike
0-1: Swinging Strike
0-2: Ball
1-2: Fly out, F8 (Flyball, 8RD)
Batting: RHB Miguel Morán 0-0: Ball
1-0: Ball
2-0: Ball
3-0: Called Strike
3-1: Fly out, F8 (Flyball, 8RD)
Top of the 3rd over - 1 run, 1 hit, 0 errors, 0 left on base; Austin 1 - Wizarding 0
BOTTOM OF THE 3RD
Wizarding Express batting - Pitching for Austin Rangers : RHP Kyle Boddy
Batting: RHB Frank Grimes 0-0: Ground out 5-3 (Groundball, 5)
Batting: LHB José Corona 0-0: Ball
1-0: Called Strike
1-1: Swinging Strike
1-2: Strikes out swinging
Batting: SHB Salvador Trevino 0-0: Called Strike
0-1: Ball
1-1: Foul Ball, location: 2F
1-2: DOUBLE (Flyball, 78XD)
Batting: RHB António Martínez 0-0: Ball
1-0: Called Strike
1-1: Called Strike
1-2: Foul Ball, location: 2F
1-2: Ball
2-2: Ball
3-2: Strikes out swinging
Bottom of the 3rd over - 0 runs, 1 hit, 0 errors, 1 left on base; Austin 1 - Wizarding 0
TOP OF THE 4TH
Austin Rangers batting - Pitching for Wizarding Express : RHP Ralph McKinney
Batting: SHB Ricardo Pérez 0-0: Ball
1-0: Ball
2-0: Called Strike
2-1: Ball
3-1: Foul Ball, location: 2F
3-2: Fly out, F9 (Flyball, 9S)
Batting: LHB Count Dante 0-0: Foul Ball, location: 2F
0-1: Foul Ball, location: 2F
0-2: Strikes out swinging
Batting: LHB Jesús Reyes 0-0: Swinging Strike
0-1: Foul Ball, location: 2F
0-2: Ball
1-2: Ball
2-2: Ball
3-2: SOLO HOME RUN (Flyball, 9D), Distance : 474 ft
Batting: RHB Yoshihito Samurakami 0-0: Foul Ball, location: 2F
0-1: Ball
1-1: Foul Ball, location: 2F
1-2: Ball
2-2: Ball
3-2: Base on Balls
Batting: SHB Xavier Vásquez 0-0: SINGLE (Flyball, 89S)
Yoshihito Samurakami to second
Runner from 2nd tries for 3rd, SAFE, throw made at trailing runner, OUT!
Top of the 4th over - 1 run, 2 hits, 0 errors, 1 left on base; Austin 2 - Wizarding 0
BOTTOM OF THE 4TH
Wizarding Express batting - Pitching for Austin Rangers : RHP Kyle Boddy
Batting: LHB Nathan Tanner 0-0: Fly out, F8 (Flyball, 8RM)
Batting: SHB Fernando Sánchez 0-0: Ball
1-0: Ball
2-0: Foul Ball, location: 2F
2-1: Ball
3-1: Base on Balls
Batting: LHB António Boccanegra 0-0: Called Strike
0-1: Foul Ball, location: 2F
0-2: Foul Ball, location: 2F
0-2: Foul Ball, location: 2F
0-2: Ball
1-2: Foul Ball, location: 2F
1-2: Ball
2-2: Foul Ball, location: 2F
2-2: Foul Ball, location: 2F
2-2: Foul Ball, location: 2F
2-2: Ball
3-2: SINGLE (Groundball, 6D)
Fernando Sánchez to second
Batting: RHB Ralph Cranford 0-0: Foul Ball, location: 2F
0-1: Ball
1-1: Ball
2-1: Called Strike
2-2: Strikes out swinging
Batting: LHB David Breitling 0-0: Foul Ball, location: 2F
0-1: Ball
1-1: Called Strike
1-2: Foul Ball, location: 2F
1-2: Ball
2-2: Foul Ball, location: 2F
2-2: Ball
3-2: Ground out 4-3 (Groundball, 4S)
Bottom of the 4th over - 0 runs, 1 hit, 0 errors, 2 left on base; Austin 2 - Wizarding 0
TOP OF THE 5TH
Austin Rangers batting - Pitching for Wizarding Express : RHP Ralph McKinney
Batting: LHB Stefan Vanderhoof 0-0: Foul Ball, location: 2F
0-1: Ball
1-1: SINGLE (Groundball, 3D)
Batting: RHB Jesús Villalba 0-0: Called Strike
0-1: Sac Bunt - play at first, batter OUT! 2-3
Stefan Vanderhoof to second
Batting: RHB Freddy Torres 0-0: Ball
1-0: Called Strike
1-1: Foul Ball, location: 2F
1-2: Foul Ball, location: 2F
1-2: Strikes out swinging
Batting: RHB Miguel Morán 0-0: Ball
1-0: Called Strike
1-1: Ball
2-1: Fly out, F8 (Line Drive, 8RD)
Top of the 5th over - 0 runs, 1 hit, 0 errors, 1 left on base; Austin 2 - Wizarding 0
BOTTOM OF THE 5TH
Wizarding Express batting - Pitching for Austin Rangers : RHP Kyle Boddy
Batting: RHB Frank Grimes 0-0: Swinging Strike
0-1: Ball
1-1: Ball
2-1: Ball
3-1: Called Strike
3-2: Foul Ball, location: 2F
3-2: Ground out 6-3 (Groundball, 6)
Batting: LHB José Corona 0-0: Ball
1-0: Ball
2-0: Foul Ball, location: 2F
2-1: Foul Ball, location: 2F
2-2: Foul Ball, location: 2F
2-2: Ground out 4-3 (Groundball, 34D)
Batting: SHB Salvador Trevino 0-0: Called Strike
0-1: Swinging Strike
0-2: Strikes out swinging
Bottom of the 5th over - 0 runs, 0 hits, 0 errors, 0 left on base; Austin 2 - Wizarding 0
TOP OF THE 6TH
Austin Rangers batting - Pitching for Wizarding Express : RHP Ralph McKinney
Batting: SHB Ricardo Pérez 0-0: Foul Ball, location: 2F
0-1: Ground out U3 (Groundball, 34S)
Batting: LHB Count Dante 0-0: Ball
1-0: Foul Ball, location: 2F
1-1: Foul Ball, location: 2F
1-2: Fly out, F5 (Popup, 56S)
Batting: LHB Jesús Reyes 0-0: Called Strike
0-1: Ball
1-1: Swinging Strike
1-2: Ball
2-2: Ball
3-2: Foul Ball, location: 2F
3-2: Foul Ball, location: 2F
3-2: Strikes out swinging
Top of the 6th over - 0 runs, 0 hits, 0 errors, 0 left on base; Austin 2 - Wizarding 0
BOTTOM OF THE 6TH
Wizarding Express batting - Pitching for Austin Rangers : RHP Kyle Boddy
Batting: RHB António Martínez 0-0: SOLO HOME RUN (Flyball, 7LD), Distance : 332 ft
Batting: LHB Nathan Tanner 0-0: Fly out, F8 (Flyball, 8RM)
Batting: SHB Fernando Sánchez 0-0: Called Strike
0-1: SINGLE (Line Drive, 8RS)
Batting: LHB António Boccanegra 0-0: Ball
1-0: Called Strike
1-1: Grounds into double play, 6-4-3 (Groundball, 6)
Bottom of the 6th over - 1 run, 2 hits, 0 errors, 0 left on base; Austin 2 - Wizarding 1
TOP OF THE 7TH
Austin Rangers batting - Pitching for Wizarding Express : RHP Ralph McKinney
Batting: RHB Yoshihito Samurakami 0-0: Ball
1-0: Ball
2-0: Called Strike
2-1: Foul Ball, location: 2F
2-2: Foul Ball, location: 2F
2-2: DOUBLE (Groundball, 5L)
Batting: SHB Xavier Vásquez 0-0: Ball
1-0: Ball
2-0: Foul Ball, location: 2F
2-1: Foul Ball, location: 2F
2-2: SINGLE (Line Drive, 4MD)
Yoshihito Samurakami to third
Pitching: RHP Juan Cantú
Batting: LHB Stefan Vanderhoof 0-0: Called Strike
0-1: Ball
1-1: Ball
2-1: SINGLE (Groundball, 56D)
Yoshihito Samurakami scores
Xavier Vásquez to second
Batting: RHB Jesús Villalba 0-0: Sac Bunt - play at first, batter OUT! 1-3
Xavier Vásquez to third
Stefan Vanderhoof to second
Batting: RHB Freddy Torres 0-0: Ball
1-0: Ball
2-0: Ground out 6-3 (Groundball, 6)
Batting: RHB Miguel Morán 0-0: Ball
1-0: Ground out 1-3 (Groundball, 15S)
Top of the 7th over - 1 run, 3 hits, 0 errors, 2 left on base; Austin 3 - Wizarding 1
BOTTOM OF THE 7TH
Wizarding Express batting - Pitching for Austin Rangers : RHP Kyle Boddy
Batting: RHB Ralph Cranford 0-0: Ball
1-0: Ball
2-0: Fly out, F7 (Flyball, 7LS)
Batting: LHB David Breitling 0-0: Called Strike
0-1: Foul Ball, location: 2F
0-2: Ball
1-2: Foul Ball, location: 2F
1-2: Ball
2-2: Hit by Pitch
Batting: RHB Frank Grimes 0-0: Ball
1-0: 2-RUN HOME RUN (Flyball, 7D), Distance : 366 ft
Batting: LHB José Corona 0-0: Ball
1-0: Foul Ball, location: 2F
1-1: Ball
2-1: Called Strike
2-2: Foul Ball, location: 2F
2-2: Foul Ball, location: 2F
2-2: Foul Ball, location: 2F
2-2: Foul Ball, location: 2F
2-2: Strikes out swinging
Batting: SHB Salvador Trevino 0-0: Ball
1-0: Called Strike
1-1: SINGLE (Groundball, 4MD)
Pitching: RHP Weston Fisher
Batting: RHB António Martínez 0-0: Ball
1-0: Called Strike
1-1: Ball
2-1: Called Strike
2-2: Ball
3-2: Foul Ball, location: 2F
3-2: Foul Ball, location: 2F
3-2: SINGLE (Groundball, 56D)
Salvador Trevino to second
Salvador Trevino to third
Batting: LHB Nathan Tanner 0-0: Ball
1-0: Ball
2-0: Ball
3-0: Called Strike
3-1: 3-RUN HOME RUN (Flyball, 9D), Distance : 338 ft
Pitching: RHP Katsuyoshi Takuda
Batting: SHB Fernando Sánchez 0-0: Called Strike
0-1: SOLO HOME RUN (Flyball, 89XD), Distance : 369 ft
Batting: LHB António Boccanegra 0-0: Ball
1-0: Ball
2-0: Ground out 6-3 (Groundball, 6)
Bottom of the 7th over - 6 runs, 5 hits, 0 errors, 0 left on base; Austin 3 - Wizarding 7
TOP OF THE 8TH
Austin Rangers batting - Pitching for Wizarding Express : RHP Juan Cantú
Batting: SHB Ricardo Pérez 0-0: Foul Ball, location: 2F
0-1: Ground out 5-3 (Groundball, 5L)
Batting: LHB Count Dante 0-0: Ball
1-0: Ball
2-0: Ball
3-0: Called Strike
3-1: Base on Balls
Batting: LHB Jesús Reyes 0-0: Ball
1-0: Called Strike
1-1: Swinging Strike
1-2: Foul Ball, location: 2F
1-2: Ball
2-2: Foul Ball, location: 2F
2-2: Strikes out swinging
Batting: RHB Yoshihito Samurakami 0-0: Called Strike
0-1: Ball
1-1: Ball
2-1: Foul Ball, location: 2F
2-2: DOUBLE (Flyball, 8LXD)
Count Dante to third
Runner from 3rd tries for Home, SAFE, no throw
Batting: SHB Xavier Vásquez 0-0: Foul Ball, location: 2F
0-1: Swinging Strike
0-2: Strikes out swinging
Top of the 8th over - 1 run, 1 hit, 0 errors, 1 left on base; Austin 4 - Wizarding 7
BOTTOM OF THE 8TH
Wizarding Express batting - Pitching for Austin Rangers : RHP Katsuyoshi Takuda
Batting: RHB Ralph Cranford 0-0: Fly out, F8 (Flyball, 8LD)
Batting: LHB David Breitling 0-0: Ground out 4-3 (Groundball, 4)
Batting: RHB Frank Grimes 0-0: Ball
1-0: Ball
2-0: Ball
3-0: Swinging Strike
3-1: Base on Balls
Batting: LHB José Corona 0-0: Ball
1-0: Foul Ball, location: 2F
1-1: Ball
2-1: Ball
3-1: Swinging Strike
3-2: Foul Ball, location: 2F
3-2: Base on Balls
Frank Grimes to second
Batting: SHB Salvador Trevino 0-0: Ball
1-0: Foul Ball, location: 2F
1-1: Ball
2-1: Foul Ball, location: 2F
2-2: Ball
3-2: SINGLE (Groundball, 56D)
Frank Grimes to third
José Corona to second
Frank Grimes scores
José Corona to third
Pitching: LHP Shawn Arnold
Batting: RHB António Martínez 0-0: Ball
1-0: Ball
2-0: Called Strike
2-1: Called Strike
2-2: Ball
3-2: Base on Balls
Salvador Trevino to second
Batting: LHB Nathan Tanner 0-0: Ball
1-0: Called Strike
1-1: Fly out, F8 (Flyball, 8LXD)
Bottom of the 8th over - 1 run, 1 hit, 0 errors, 3 left on base; Austin 4 - Wizarding 8
TOP OF THE 9TH
Austin Rangers batting - Pitching for Wizarding Express : RHP Juan Cantú
Batting: LHB Stefan Vanderhoof 0-0: Ball
1-0: Fly out, F4 (Line Drive, 4)
Batting: RHB Jesús Villalba 0-0: Ball
1-0: Foul Ball, location: 2F
1-1: Swinging Strike
1-2: Foul Ball, location: 2F
1-2: Ball
2-2: Fly out, F9 (Flyball, 9LM)
Batting: RHB Freddy Torres 0-0: Ground out 5-3 (Groundball, 56S)
Top of the 9th over - 0 runs, 0 hits, 0 errors, 0 left on base; Austin 4 - Wizarding 8
Tuesday, December 19th, 2017 - OOTP Baseball 18.8 Build 76